 Dungeon Sprint DCSS version 0.21.1-1-g345015f (webtiles) character file.

128 wilfster70 the Covert (level 4, -10/21 HPs)
             Began as a Spriggan Enchanter on June 12, 2018.
             Killed from afar by a wizard (18 damage)
             ... with an orb of energy
             ... while paralysed by a wizard
             ... in the Dungeon (Sprint III: "The Ten Rune Challenge").
             The game lasted 00:01:43 (305 turns).

wilfster70 the Covert (Spriggan Enchanter)           Turns: 305, Time: 00:01:43

Health: -10/21     AC:  2    Str:  4    XL:     4   Next: 86%
Magic:  6/13       EV:  4    Int: 17    God:
Gold:   7          SH:  0    Dex: 16    Spells: 13/16 levels left

rFire    . . .     SeeInvis +   a - +1 dagger
rCold    . . .     Gourm    .   (shield restricted)
rNeg     . . .     Faith    .   b - +0 robe
rPois    .         Spirit   .   (helmet restricted)
rElec    .         Reflect  .   (no cloak)
rCorr    .         Harm     .   (gloves unavailable)
MR       .....     NoTele   +   (boots unavailable)
Stlth    ++++......             (no amulet)
HPRegen  0.07/turn              (no ring)
MPRegen  0.13/turn              (no ring)

@: paralysed, very slightly contaminated, very quick
A: very small, unfitting armour, see invisible, herbivore, speed 3, slow
metabolism 2
a: no special abilities


You were in the Dungeon.
You were not hungry.

You visited 1 branch You collected 7 gold pieces.

Inventory:

Hand Weapons
 a - a +1 dagger (weapon)
Armour
 b - a +0 robe (worn)
Scrolls
 j - a scroll of blinking
Potions
 e - a potion of curing
 f - a potion of heal wounds
 g - a potion of haste
 h - 2 potions of magic
 i - a potion of berserk rage
Books
 c - a book of Maledictions

   Spells                             Type                      Level
   a - Corona                         Hexes                        1
   b - Ensorcelled Hibernation        Hexes/Ice                    2
   c - Confuse                        Hexes                        3
   d - Tukima's Dance                 Hexes                        3
   e - Dazzling Spray                 Conjuration/Hexes            3
Comestibles
 d - a ration


   Skills:
 - Level 1.5 Short Blades
 - Level 3.3 Dodging
 + Level 9.3 Stealth
 + Level 6.8 Spellcasting
 + Level 7.3 Hexes
 + Level 2.0 Ice Magic


You had 13 spell levels left.
You knew the following spells:

 Your Spells              Type           Power        Failure   Level  Hunger
a - Corona                Hex            ####...      1%          1    None
b - Ensorcelled Hibernat  Hex/Ice        ###...       2%          2    None


Dungeon Overview and Level Annotations

Branches:
Dungeon (1/1)

Altars:
Kikubaaqudgha
Sif Muna
Vehumet


Innate Abilities, Weirdness & Mutations

You are very small and have problems with some larger weapons.
You are too small for most types of armour.
You have supernaturally acute eyesight. (SInv)
You are a herbivore.
You cover ground extremely quickly.
You need consume almost no food.


Message History

Nothing appears to happen.
The wizard casts a spell at you. The orb of energy hits you!
The orb of energy explodes!
Casting: Ensorcelled Hibernation
Confirm with . or Enter, or press ? or * to list all spells.
Aiming: Ensorcelled Hibernation
Press: ? - help, Shift-Dir - straight line, f/p - wizard
Aim: a wizard, wielding a dagger and wearing a robe (chance to defeat MR: 19%)
The wizard resists with almost no effort.
The wizard points at you and mumbles some strange words.
You suddenly lose the ability to move!
The kobold demonologist looks encouraged for a moment.
The wizard hits you but does no damage.
The kobold demonologist begins to cast a cantrip, but forgets the words!
The wizard hits you with a dagger. x2
The kobold demonologist mumbles some strange words.
The wizard points at you and mumbles some strange words.
The orb of energy hits you!
Ouch! That really hurt!
You die...

.#)..#### ##.#
.#......## #..#
##.......# #..#
.##.##...# #..###+#+###
.##.###..#
+#..#........
####.##..#
#...'.⌠......
##..##..####...#...####
.†..##..###†...#.⌠.#
#..##†..##.....#@..#
†.##....#......#p###
.###..##.#..†..#K5 .#
#..#####....#55_ ▓▓
▓▓▓▓ ▓▓▓▓▓▓▓▓▓▓


You could see a wizard, a kobold demonologist, a quasit, a crimson imp and a
shadow imp.

Vanquished Creatures
  A water elemental (D)
  A scorpion (D)
  A human (D)
  4 rats (D)
7 creatures vanquished.

Vanquished Creatures (others)
  2 draconian scorchers (D)
  5 hellions (D)
  A yaktaur (D)
8 creatures vanquished.

Grand Total: 15 creatures vanquished

Notes
Turn   | Place    | Note
-------+----------+-------------------------------------------
     0 | D        | wilfster70 the Spriggan Enchanter began the quest for the Orb.
     0 | D        | Reached XP level 1. HP: 9/9 MP: 5/5
    53 | D        | Killed a yaktaur
   102 | D        | Killed a hellion
   103 | D        | Killed a hellion
   113 | D        | Killed a hellion
   114 | D        | Killed a hellion
   127 | D        | Killed a hellion
   169 | D        | Noticed a scorpion
   190 | D        | Killed a scorpion
   190 | D        | Reached skill level 7 in Stealth
   190 | D        | Reached skill level 5 in Spellcasting
   190 | D        | Reached XP level 2. HP: 13/13 MP: 5/9
   190 | D        | Reached XP level 3. HP: 16/16 MP: 6/11
   194 | D        | Learned a level 2 spell: Ensorcelled Hibernation
   205 | D        | Reached skill level 8 in Stealth
   205 | D        | Reached XP level 4. HP: 21/21 MP: 3/13
   230 | D        | Killed a white draconian scorcher
   256 | D        | Killed a white draconian scorcher
   291 | D        | Noticed a water elemental
   294 | D        | Killed a water elemental
   294 | D        | Reached skill level 9 in Stealth
   297 | D        | Found a radiant altar of Vehumet.
   297 | D        | Found a deep blue altar of Sif Muna.
   297 | D        | Found an ancient bone altar of Kikubaaqudgha.
   297 | D        | Noticed a wizard
   301 | D        | Paralysed by a wizard for 6 turns
   305 | D        | Killed from afar by a wizard

Skill      XL: |  1  2  3  4 |
---------------+-------------+-----
Spellcasting   | 5 6 |  6.8
Hexes          | 6 7 |  7.3
Stealth        | 7 8 9 |  9.3
Ice Magic      | 2 |  2.0
Short Blades   | |  1.5
Dodging        | |  3.3

Action                   |  1- 3 |  4- 6 || total
-------------------------+-------+-------++-------
Melee: Dagger            |    17 |     1 ||    18
 Cast: Corona            |     1 |       ||     1
       Ensorcelled Hiber |     1 |     3 ||     4
 Stab: Sleeping          |     4 |     1 ||     5
Dodge: Dodged            |     9 |     1 ||    10
